 Dungeon Crawl Stone Soup version 0.31-a0-1057-g70f3316b05 (webtiles) character file.

Game seed: 3935135618183036691

15458 Wallenstein the Severer (level 12, -10/103 HPs)
             Began as a Minotaur Berserker on Nov 20, 2023.
             Was an Elder of Trog.
             Mangled by an orc knight
             ... wielding a +0 war axe
              (23 damage)
             ... on level 2 of the Orcish Mines.
             The game lasted 00:31:13 (11940 turns).

Wallenstein the Severer (Minotaur Berserker)       Turns: 11940, Time: 00:31:13

Health: -10/103    AC: -2    Str: 27    XL:     12   Next: 1%
Magic:  2/2        EV:  8    Int:  8    God:    Trog [****..]
Gold:   905        SH: 12    Dex: 16    Spells: 11/11 levels left

rFire   + . .        L - +0 war axe (pain)
rCold   . . .        v - +0 kite shield
rNeg    . . .        b - +0 plate armour {rPois}
rPois   +            (helmet restricted)
rElec   .            h - +0 cloak
rCorr   .            D - +0 pair of gloves of the Camelopard {MP-9 Int+4}
SInv    .            M - +2 pair of boots {rampage}
Will    ++...        (no amulet) Stlth
                     p - +6 ring of dexterity
HPRegen 1.37/turn    C - ring of protection from fire
MPRegen 0.08/turn

%: rampage
@: strong-willed, corroded, on berserk cooldown, regenerating, slowed, very slow
A: horns 2, retaliatory headbutt
a: Renounce Religion, Berserk, Trog's Hand, Brothers in Arms


You were on level 2 of the Orcish Mines.
You worshipped Trog.
Trog was greatly pleased with you.
You visited 3 branches of the dungeon, and saw 13 of its levels.

You collected 1130 gold pieces.
You spent 225 gold pieces at shops.

Inventory:

Hand Weapons
 A - a +2 long sword of holy wrath
 H - a +4 dire flail of freezing
 L - a +0 war axe of pain (weapon)
Armour
 b - a +0 plate armour of poison resistance (worn)
 h - a +0 cloak (worn)
 v - a +0 kite shield (worn)
 D - the +0 pair of gloves of the Camelopard (worn) {MP-9 Int+4}
   (You found it on level 7 of the Dungeon)

   Int+4:     It affects your intelligence (+4).
   MP-9:      It affects your magic capacity (-9).
 M - a +2 pair of boots of rampaging (worn)
Jewellery
 p - a +6 ring of dexterity (left hand)
 C - a ring of protection from fire (right hand)
Wands
 B - a wand of light (5)
 F - a wand of flame (13)
Scrolls
 d - 2 scrolls of enchant armour
 g - 2 scrolls of teleportation
 m - 3 scrolls of amnesia
 n - a scroll of fog {unknown}
 r - 2 scrolls of revelation {unknown}
 t - 2 scrolls of vulnerability {unknown}
 x - a scroll of immolation {unknown}
 y - a scroll of acquirement {unknown}
 G - a scroll of fear {unknown}
 J - a scroll of silence {unknown}
Potions
 c - 2 potions of invisibility {unknown}
 e - a potion of magic {unknown}
 f - 4 potions of might
 j - 3 potions of heal wounds
 l - 3 potions of mutation
 q - a potion of haste {unknown}
 u - 2 potions of ambrosia {unknown}
 w - a potion of enlightenment {unknown}
 z - a potion of lignification {unknown}
 E - a potion of attraction {unknown}
 I - a potion of degeneration {unknown}


   Skills:
 + Level 8.6 Fighting
 - Level 16.0 Axes
 - Level 11.0 Armour
 - Level 2.2 Dodging
 + Level 11.2 Shields


You had 11 spell levels left.
You didn't know any spells.
Your spell library was empty.

Dungeon Overview and Level Annotations

Branches:
Dungeon (10/15)            Temple (0/1) D:4             Orc (2/2) D:9
    Elf (1/3) Orc:2
   Lair: D:8-11

Altars:
Cheibriados
Elyvilon
Makhleb
Nemelex Xobeh
Sif Muna
Uskayaw
Wu Jian
Zin

Shops:
D:5 =   D:6 *   D:9 [   Orc:2 **

Annotations:
D:6 3 runed translucent doors, temujin's ghost, novice DECj


Innate Abilities, Weirdness & Mutations

You have a pair of horns on your head.
You reflexively headbutt those who attack you in melee.


Message History

The orc warrior goes into a battle-frenzy!
You hit the orc knight but do no damage.
The orc knight is almost dead.
You hit the orc knight.
The orc knight is almost dead.
The orc knight hits you with a +0 war axe!!
* * * LOW HITPOINT WARNING * * *
You hit the orc knight but do no damage.
You headbutt the orc knight, but do no damage.
The orc knight is almost dead.
You are no longer berserk.
You are exhausted.
You feel yourself slow down.
You closely miss the orc knight.
The orc knight is almost dead.
You block the orc knight's attack. x2
The orc warrior no longer looks unusually strong.
The orc knight roars a battlecry!
The orc warrior goes into a battle-frenzy!
The orc warrior no longer looks unusually strong.
The orc warrior throws a boomerang.
You block the boomerang.
The orc warrior no longer looks unusually strong.
The orc knight hits you with a +0 war axe.
* * * LOW HITPOINT WARNING * * *
The orc warrior barely misses you.
You hit the orc warrior but do no damage.
You headbutt the orc warrior, but do no damage.
The orc warrior is severely wounded.
You hit the orc knight but do no damage.
You block the orc warrior's attack.
You hit the orc warrior but do no damage.
The orc warrior is severely wounded.
You barely miss the orc knight.
The orc warrior hits you with a +0 war axe!
* * * LOW HITPOINT WARNING * * *
You block the orc warrior's attack.
Your skin crawls.
You feel strong-willed.
The orc knight hits you with a +0 war axe!!
You die...

#..o# ##.[.[....###.......# #.oo#
##...#....####...... #.#.#
##....#...###...... ..o.
##.....#.∩###.##.. ...
##..#.....####... ....
##.....#.∩###..... #.#
##....#...###...... # ...#
##...#....## ##.##.. ####...#
##oo@.....### ##.#.. ..###...#
##)oo###..###.# #...#. ...#
#..o###..o###..###...##..... #.##
#ooo#...###..###......#.... .##
#.#.###..###.#.......... ..##
#...###..###............. ...##
##.###..## #.#..........
....#########..#### ##.#.........
......##.###..####.##............


You could see an orc knight and 4 orc warriors.

Vanquished Creatures
  2 two-headed ogres
  An orc high priest (Orc:2)
  Sonja (Orc:2)
  2 orc knights (Orc:2)
  3 orc sorcerers (Orc:2)
  Joseph (D:7)
  A rust devil (Orc:2)
  Maggie (D:8)
  A troll (Orc:2)
  2 hellwings (Orc:2)
  Grinder (D:4)
  12 yaks (D:9)
  A shadow (D:9)
  2 steam dragons (D:8)
  2 wargs (Orc:2)
  5 water moccasins
  3 ice beasts
  27 orc warriors
  A sky beast (D:8)
  2 black bears
  5 ogres
  3 centaurs (D:6)
  A phantom (D:5)
  A kobold brigand (D:4)
  Blork the orc (D:4)
  A scorpion (D:7)
  3 bullfrogs
  9 wights
  The ghost of Azuvok the Shooter, a weakling MiHu (D:3)
  A howler monkey (D:8)
  3 quasits (D:3)
  2 jellies
  16 orc priests
  3 gnoll boudas
  3 hounds
  5 iguanas
  3 sleepcaps
  10 orc wizards
  17 gnolls
  12 adders
  4 white imps
  2 worms
  2 dart slugs
  57 orcs
  8 ball pythons
  6 endoplasms
  3 giant cockroaches
  4 goblins
  4 hobgoblins
  2 quokkas
  8 frilled lizards
  32 kobolds
  6 rats
309 creatures vanquished.

Notes
Turn   | Place    | Note
-------+----------+-------------------------------------------
     0 | D:1      | Wallenstein the Minotaur Berserker began the quest for the
                  | Orb.
     0 | D:1      | Reached XP level 1. HP: 19/19 MP: 0/0
   184 | D:1      | Reached skill level 4 in Axes
   249 | D:1      | Reached XP level 2. HP: 18/27 MP: 1/1
   754 | D:1      | Found a faded altar of an unknown god.
   983 | D:2      | Reached skill level 5 in Axes
   983 | D:2      | Reached XP level 3. HP: 22/33 MP: 2/2
  1595 | D:2      | Reached ** piety under Trog
  2146 | D:3      | Reached XP level 4. HP: 27/40 MP: 3/3
  2147 | D:3      | Reached skill level 6 in Axes
  2419 | D:3      | Noticed Azuvok's ghost (weakling MiHu)
  2430 | D:3      | Found a transporter.
  2463 | D:3      | Found a transporter.
  2507 | D:3      | Reached skill level 7 in Axes
  2507 | D:3      | Reached XP level 5. HP: 16/46 MP: 4/4
  2510 | D:3      | Killed Azuvok's ghost
  3110 | D:4      | Found a staircase to the Ecumenical Temple.
  3116 | D:4      | Reached skill level 8 in Axes
  3116 | D:4      | Reached XP level 6. HP: 40/52 MP: 5/5
  3215 | D:4      | Noticed Grinder
  3234 | D:4      | Paralysed by Grinder for 4 turns
  3239 | D:4      | Killed Grinder
  3361 | D:4      | Reached XP level 7. HP: 43/58 MP: 6/6
  3484 | D:4      | Reached skill level 9 in Axes
  3601 | D:4      | Noticed Blork the orc
  3609 | D:4      | Killed Blork the orc
  3610 | D:4      | Reached skill level 5 in Armour
  3839 | D:4      | Reached *** piety under Trog
  4377 | D:5      | Entered Level 5 of the Dungeon
  4406 | D:5      | Reached skill level 10 in Axes
  4406 | D:5      | Reached XP level 8. HP: 30/66 MP: 7/7
  4665 | D:5      | Found Radinkun's Jewellery Emporium.
  4920 | D:5      | Reached skill level 1 in Shields
  4929 | D:5      | Found a burning altar of Makhleb.
  4933 | D:5      | Found a glowing silver altar of Zin.
  4934 | D:5      | Noticed an angel
  4935 | D:5      | Noticed an Executioner
  5133 | D:5      | Found a white marble altar of Elyvilon.
  5323 | D:6      | Noticed a slime creature
  5326 | D:6      | Reached skill level 11 in Axes
  5371 | D:6      | Found Neotol's Assorted Antiques.
  5434 | D:6      | Found a runed translucent gate.
  5434 | D:6      | Found a runed translucent gate.
  5434 | D:6      | Found a runed translucent gate.
  5435 | D:6      | Noticed temujin's ghost (novice DECj)
  5629 | D:6      | Reached XP level 9. HP: 37/71 MP: 8/8
  5748 | D:6      | Found a snail-covered altar of Cheibriados.
  5749 | D:6      | Found a hide-covered altar of Uskayaw.
  5749 | D:6      | Found a sparkling altar of Nemelex Xobeh.
  5942 | D:6      | Reached skill level 12 in Axes
  6525 | D:7      | Reached **** piety under Trog
  6555 | D:7      | Identified the +0 pair of gloves of the Camelopard {MP-9
                  | Int+4}
  6619 | D:7      | Noticed a two-headed ogre
  6644 | D:7      | Killed a two-headed ogre
  6645 | D:7      | Reached skill level 13 in Axes
  6645 | D:7      | Reached skill level 5 in Shields
  6711 | D:7      | Noticed Joseph
  6730 | D:7      | Killed Joseph
  6975 | D:7      | Found an ornate altar of the Wu Jian Council.
  7246 | D:7      | Reached XP level 10. HP: 78/78 MP: 0/9
  7405 | D:8      | Noticed a two-headed ogre
  7410 | D:8      | Killed a two-headed ogre
  7822 | D:8      | Reached skill level 14 in Axes
  7865 | D:8      | Noticed Maggie
  7872 | D:8      | Reached skill level 10 in Armour
  7887 | D:8      | Killed Maggie
  8149 | D:8      | You fall into a shaft and drop 2 floors!
  8149 | D:10     | Entered Level 10 of the Dungeon
  8278 | D:9      | Found a shimmering blue altar of Sif Muna.
  8534 | D:9      | Found Xirodadd's Antique Armour Shop.
  8542 | D:9      | Bought a pair of embroidered boots for 225 gold pieces
  8765 | D:9      | Reached skill level 15 in Axes
  8829 | D:9      | Reached XP level 11. HP: 43/83 MP: 1/10
  9010 | D:9      | Found a staircase to the Orcish Mines.
  9058 | Orc:1    | Entered Level 1 of the Orcish Mines
  9123 | Orc:2    | Entered Level 2 of the Orcish Mines
  9321 | Orc:2    | Found Mettus's General Store.
  9331 | Orc:2    | Found Moroxug's General Store.
  9336 | Orc:2    | Noticed an orc knight
  9353 | Orc:2    | Killed an orc knight
  9445 | Orc:2    | Noticed an orc sorcerer
  9445 | Orc:2    | Noticed an orc high priest
  9446 | Orc:2    | Noticed an orc knight
  9824 | Orc:2    | Found a staircase to the Elven Halls.
  9833 | Elf:1    | Entered Level 1 of the Elven Halls
  9835 | Elf:1    | Noticed a deep elf zephyrmancer
  9835 | Elf:1    | Noticed a deep elf pyromancer
 10079 | Orc:2    | Noticed an orc sorcerer
 10099 | Orc:2    | Reached skill level 16 in Axes
 10106 | Orc:2    | Reached skill level 5 in Fighting
 10110 | Orc:2    | Noticed an orc knight
 10117 | Orc:2    | Killed an orc sorcerer
 10135 | Orc:2    | Killed an orc knight
 10553 | Orc:2    | Noticed Sonja
 10567 | Orc:2    | Killed Sonja
 10686 | Orc:2    | Reached skill level 10 in Shields
 11523 | Orc:2    | Noticed an orc high priest
 11529 | Orc:2    | Killed an orc sorcerer
 11538 | Orc:2    | Killed an orc high priest
 11881 | Orc:2    | Noticed an orc sorcerer
 11896 | Orc:2    | Killed an orc sorcerer
 11918 | Orc:2    | Reached XP level 12. HP: 63/103 MP: 2/11
 11940 | Orc:2    | Mangled by an orc knight

Illustrated notes

Levels and vault maps discovered:
D:1:      scummos_arrival_checkerplants, layout_basic,
          hellmonk_ecumenical_altar_slurped_away
D:2:      layout_loops_corners, chequers_big_river, kennysheep_generic_room_6
D:3:      layout_basic, gammafunk_ghost_stat_death, lexackson_kobold_supper
D:4:      kennysheep_kobold_camp, layout_basic,
          minmay_temple_entry_statues_fountains, uniq_grinder,
          uniq_blork_the_orc
D:5:      layout_rooms, grunt_temple_overflow_order_and_chaos_2,
          mainiacjoe_overflow_alcove_4, serial_shops, nicolae_take_the_stairs
D:6:      layout_basic, grunt_temple_overflow_open, serial_shops,
          nicolae_shop_overgrown_old_shop, gammafunk_ghost_split
D:7:      layout_rooms, nicolae_wu_jian_immortal_techniques, uniq_joseph
D:8:      kennysheep_steamy, layout_basic, uniq_maggie
D:9:      layout_long_grid, lemuel_blue_sif_altar, david_orc_2, serial_shops,
          shop
D:10:     layout_irregular_city, lemuel_round_altar, david_lair_generic,
          serial_shops, shop_statue
Orc:1:    layout_diamond_mine, mines2_david, uniq_snorg
Orc:2:    pf_orc_diabolical, layout_caves, uniq_sonja
Elf:1:    elf_arrival_001, layout_geoelf_diagonals, minmay_elf_sorcery,
          nicolae_wooded_promenade, nicolae_custom_books

Skill      XL: |  1  2  3  4  5  6  7  8  9 10 11 |
---------------+----------------------------------+-----
Axes           | 4 5 7 8 10 11 13 15 16 | 16.0
Armour         | 4 6 8 9 11 | 11.0
Shields        | 3 5 8 11 | 11.2
Fighting       | 8 |  8.6
Dodging        | |  2.2

Action                     |  1- 3 |  4- 6 |  7- 9 | 10-12 || total
---------------------------+-------+-------+-------+-------++-------
  Melee: Hand axe          |    91 |   179 |   341 |    69 ||   680
         Headbutt          |     8 |    54 |    78 |   102 ||   242
         War axe           |       |       |       |   431 ||   431
 Invoke: Trog's Hand       |       |     1 |     7 |     8 ||    16
         Berserk           |       |     1 |     4 |     7 ||    12
    Use: Scroll            |       |       |       |     8 ||     8
         Potion            |       |       |       |     1 ||     1
   Stab: Sleeping          |       |     1 |       |       ||     1
 Armour: Animal skin       |    25 |       |       |       ||    25
         Leather armour    |    28 |    60 |       |       ||    88
         Chain mail        |       |    22 |   267 |    88 ||   377
         Plate armour      |       |       |       |   164 ||   164
  Dodge: Dodged            |    50 |    67 |   133 |    91 ||   341
  Block: Buckler           |       |     4 |    30 |       ||    34
         Kite shield       |       |       |   101 |   232 ||   333

Table legend: (Time is in decaauts)
 A = Elapsed time spent in this place.
 B = Non-inter-level travel time spent in this place.
 C = Inter-level travel time spent in this place.
 D = Time resting spent in this place.
 E = Time spent auto-exploring this place.
 F = Levels seen in this place.
 G = Mean time per level.
                   A        B        C        D        E       F      G
               +--------+--------+--------+--------+--------+-----+--------+
         Total |  11879 |  11344 |    535 |   3481 |   5583 |  13 |  913.8 |
       Dungeon |   9036 |   8509 |    527 |   1650 |   5088 |  10 |  903.6 |
  Orcish Mines |   2835 |   2828 |      7 |   1830 |    495 |   2 | 1417.5 |
   Elven Halls |      7 |      7 |      0 |      0 |      0 |   1 |    7.0 |
               +--------+--------+--------+--------+--------+-----+--------+

Top non-repeatable levels by time:
   Orc:2: 2771 daAuts
     D:4: 1296 daAuts
     D:6: 1201 daAuts
     D:2: 1191 daAuts
     D:3: 1015 daAuts
     D:5: 949 daAuts
     D:7: 940 daAuts
     D:1: 877 daAuts
     D:9: 844 daAuts
     D:8: 674 daAuts
   Orc:1: 64 daAuts
    D:10: 44 daAuts
   Elf:1: 7 daAuts
